 Dungeon Sprint DCSS version 0.16.2-12-gd0ad4c3 (webtiles) character file.

15796 Ponchio the Sorcerer (level 12, -37/59 HPs)
             Began as a Deep Elf Fire Elementalist on Nov 7, 2015.
             Was the Champion of Vehumet.
             Annihilated by an eldritch tentacle (45 damage)
             ... called by Wikaos
             ... in the Dungeon (Sprint V: "Ziggurat Sprint").
             The game lasted 00:40:35 (1714 turns).

Ponchio the Sorcerer (Deep Elf Fire Elementalist)   Turns: 1714, Time: 00:40:38

Health: -37/59     AC: -2    Str:  5    XL:     12   Next: 4%
Magic:  41/46      EV: 29    Int: 32    God:    Vehumet [******]
Gold:   0          SH:  0    Dex: 27    Spells: 4 memorised, 40 levels left

rFire  . . .     SeeInvis .     J - +6 Majin-Bo {vamp, Archmagi MP+6 Int+6}
rCold  . . .     Clarity  .     a - +0 robe
rNeg   . . .     SustAb   .     (no shield)
rPois  .         Gourm    .     (no helmet)
rElec  .         Spirit   .     U - +0 cloak {MR+}
rCorr  .         Warding  .     (no gloves)
rMut   .         NoTele   +     (no boots)
MR     ++...                    (no amulet)
Stlth  +++.......               y - +6 ring of dexterity
                                A - +6 ring of dexterity

@: corroded equipment, very slightly contaminated, hasted and slowed, studying 3
skills, very resistant to hostile enchantments, fairly stealthy
A: no striking features
a: Renounce Religion


You were in the Dungeon.
You worshipped Vehumet.
Vehumet was exalted by your worship.
You were not hungry.

You visited 1 branch

Inventory:

Hand weapons
 J - the +6 Majin-Bo (weapon) {vamp, Archmagi MP+6 Int+6}
   (You found it in the Dungeon)

   It inflicts no extra harm, but heals its wielder somewhat when it strikes a
   living foe.
   It affects your intelligence (+6).
   It affects your magic capacity (+6).
Armour
 a - a +0 robe (worn)
 K - the +15 Maxwell's patent armour {-Cast -Tele rElec MR+ rCorr}
   (You found it in the Dungeon)

   It insulates you from electricity.
   It affects your resistance to hostile enchantments.
   It prevents spellcasting.
   It prevents most forms of teleportation.
   It protects you from acid and corrosion.
 U - a +0 cloak of magic resistance (worn)
Jewellery
 n - an uncursed amulet of guardian spirit
 y - a +6 ring of dexterity (right hand)
 A - a +6 ring of dexterity (left hand)
 B - a +6 ring of intelligence
 C - a +6 ring of intelligence
 D - a +6 ring of strength
 E - a +6 ring of strength
 L - an uncursed ring of see invisible
 T - the ring "Vuruk" {rF+ MP+9}
   (You found it in the Dungeon)

   [ring of protection from fire]

   It protects you from fire.
   It affects your magic capacity (+9).
Magical devices
 F - a wand of disintegration (2)
 G - a wand of fire (0)
 H - a wand of cold (4)
 I - a wand of draining (5)
Scrolls
 q - 4 scrolls of amnesia
 r - 3 scrolls of recharging
 s - 7 scrolls of fog
 t - a scroll of holy word
 u - 5 scrolls of identify
 v - 4 scrolls of remove curse
 w - 2 scrolls of fear
Potions
 d - 8 potions of curing
 e - 2 potions of heal wounds
 f - 2 potions of haste
 g - 6 potions of magic
 h - 3 potions of berserk rage
 j - 2 potions of brilliance
 k - 2 potions of invisibility
 l - 3 potions of restore abilities
 m - 4 potions of resistance
 o - 5 potions of agility
 p - 6 potions of might
Books
 b - a book of Flames

   Spells                             Type                      Level
   a - Flame Tongue                   Conjuration/Fire             1
   b - Throw Flame                    Conjuration/Fire             2
   c - Conjure Flame                  Conjuration/Fire             3
   d - Inner Flame                    Hexes/Fire                   3
   e - Sticky Flame                   Conjuration/Fire             4
   f - Fireball                       Conjuration/Fire             5
 M - a book of the Earth

   Spells                             Type                      Level
   a - Leda's Liquefaction            Hexes/Earth                  4
   b - Bolt of Magma                  Conjuration/Fire/Earth       5
   c - Statue Form                    Transmutation/Earth          6
   d - Iron Shot                      Conjuration/Earth            6
   e - Shatter                        Earth                        9
 N - a book of the Earth

   Spells                             Type                      Level
   a - Leda's Liquefaction            Hexes/Earth                  4
   b - Bolt of Magma                  Conjuration/Fire/Earth       5
   c - Statue Form                    Transmutation/Earth          6
   d - Iron Shot                      Conjuration/Earth            6
   e - Shatter                        Earth                        9
 O - a manual of Stealth
 P - a book of Summonings

   Spells                             Type                      Level
   a - Abjuration                     Summoning                    3
   b - Recall                         Summoning/Translocation      3
   c - Shadow Creatures               Summoning                    5
   d - Summon Demon                   Summoning                    5
   e - Summon Forest                  Summoning/Translocation      5
   f - Monstrous Menagerie            Summoning                    6
 Q - a Grand Grimoire This book is beyond your current level of understanding.

   Spells                             Type                      Level
   a - Aura of Abjuration             Summoning                    6
   b - Summon Greater Demon           Summoning                    7
   c - Malign Gateway                 Summoning/Translocation      7
   d - Summon Horrible Things         Summoning                    8
 R - a manual of Shields
 S - a manual of Short Blades
 V - the Papyrus of Warped Air
   (You found it in the Dungeon)

   Spells                             Type                      Level
   a - Apportation                    Translocation                1
   b - Repel Missiles                 Charms/Air                   2
   c - Recall                         Summoning/Translocation      3
   d - Lightning Bolt                 Conjuration/Air              5
   e - Tornado                        Air                          9
 X - a book of Fire

   Spells                             Type                      Level
   a - Ignite Poison                  Fire/Transmutation           5
   b - Fireball                       Conjuration/Fire             5
   c - Bolt of Fire                   Conjuration/Fire             6
   d - Delayed Fireball               Conjuration/Fire             7
   e - Ring of Flames                 Charms/Fire                  7
Miscellaneous
 W - a phantom mirror
 Y - a lamp of fire
Comestibles
 c - 5 bread rations
 x - 37 fruits
 z - 3 meat rations


   Skills:
 - Level 14.3 Dodging
 - Level 2.4 Stealth
 + Level 21.7 Spellcasting
 - Level 12.6 Conjurations
 - Level 8.1 Fire Magic
 + Level 14.1 Air Magic
 - Level 7.3 Earth Magic
 - Level 8.8 Evocations


You had 40 spell levels left.
You knew the following spells:

 Your Spells              Type           Power        Failure   Level  Hunger
a - Flame Tongue          Conj/Fire      #####        0%          1    None
b - Fireball              Conj/Fire      ########..   1%          5    None
c - Iron Shot             Conj/Erth      #######...   1%          6    None
d - Repel Missiles        Chrm/Air       ######       1%          2    None


Dungeon Overview and Level Annotations

Branches:
Dungeon (1/1)

Altars:
Ashenzari
Cheibriados
Dithmenos
Elyvilon
Fedhas
Gozag
Kikubaaqudgha
Makhleb
Nemelex Xobeh
Okawaru
Qazlal
Ru
Sif Muna
Trog
Vehumet
Xom
Yredelemnul
Zin
The Shining One
Beogh
Jiyva
Lugonu


Message History

Aim: Dug Apruil You feel a surge of power!
The fireball explodes!
The fireball engulfs Dug Apruil.
Dug Apruil resists.
Dug Apruil is lightly wounded.
The fireball engulfs the crimson imp.
The crimson imp completely resists.
The fireball engulfs the ufetubus.
The ufetubus is burned terribly!
You kill the ufetubus!
The fireball engulfs Saesuw.
Saesuw appears unharmed.
Saesuw is lightly wounded.
The fireball engulfs the ufetubus.
The ufetubus is burned terribly!
You kill the ufetubus!
The fireball engulfs the neqoxec.
The neqoxec is heavily wounded.
Dug Apruil calls on the powers of darkness!
Your body is wracked with pain!
The ufetubus closely misses you. The ufetubus misses you.
The eldritch tentacle slaps you!
* * * LOW HITPOINT WARNING * * *
The eldritch tentacle freezes you!!!
Ouch! That really hurt!
You die...

▓.........▓..
▓.........▓..
▓.........▓..
▓.........▓..
▓....†....▓.▓
▓...†.....▓..
▓▓▓▓▓▓▓▓▓▓▓▓▓▓▓▓▓▓▓▓▓▓▓▓▓
▓...8©8...▓...8©8...▓...8
▓..)55))@.▓..).))|..▓...)
▓..}53&|5w▓..}..[}..▓...|
▓..4.5&35*▓.........▓....
▓.§4.4g.*.▓.........▓....
▓..43455..▓....))...▓....
▓...5&....▓....).)..▓....
▓..▓...▓..▓......)..▓.▓..
▓.▓.....▓.▓.▓..)).▓.▓....
▓.........▓....(....▓▓▓▓▓


You could see Dug Apruil, Saesuw, Wikaos, an eldritch tentacle, an orange demon,
a rust devil, 2 sixfirhies, a blue devil, a neqoxec, a ynoxinul, a chaos spawn,
an iron imp, a crimson imp, 7 ufetubi and a hobgoblin.

Vanquished Creatures
  A deep elf blademaster (D)
  2 deep elf master archers (D)
  2 deep elf annihilators (D)
  A wretched star (D)
  2 deep elf knights (D)
  An ice devil (D)
  3 deep elf summoners (D)
  A deep elf conjurer (D)
  2 shining eyes (D)
  2 jumping spiders (D)
  2 deep elf priests (D)
  A deep elf mage (D)
  A redback (D)
  2 tarantellas (D)
  A ynoxinul (D)
  A deep elf fighter (D)
  5 wolves (D)
  2 phantoms (D)
  3 black bears (D)
  Sigmund (D)
  Blork the orc (D)
  6 jellies (D)
  An iguana (D)
  Crazy Yiuf (D)
  4 hell rats (D)
  An iron imp (D)
  2 orc priests (D)
  A quasit (D)
  4 orc wizards (D)
  Jessica (D)
  A shadow imp (D)
  A white imp (D)
  2 giant mites (D)
  3 ufetubi (D)
  An adder zombie (D)
  An ooze (D)
  2 orcs (D)
  A bat zombie (D)
  A jackal (D)
  A fungus (D)
72 creatures vanquished.

Vanquished Creatures (others)
  A green death (D)
  An ufetubus (D)
  12 eldritch tentacle segments (D)
14 creatures vanquished.

Grand Total: 86 creatures vanquished

Notes
Turn   | Place    | Note
--------------------------------------------------------------
     0 | D        | Ponchio, the Deep Elf Fire Elementalist, began the quest for the Orb.
     0 | D        | Reached XP level 1. HP: 10/10 MP: 5/5
     0 | D        | Found a viscous altar of Jiyva.
     0 | D        | Found a corrupted altar of Lugonu.
     0 | D        | Found a white marble altar of Elyvilon.
     1 | D        | Found a burning altar of Makhleb.
     1 | D        | Found an iron altar of Okawaru.
     3 | D        | Found a sparkling altar of Nemelex Xobeh.
     3 | D        | Found a basalt altar of Yredelemnul.
     3 | D        | Found a deep blue altar of Sif Muna.
     3 | D        | Found a radiant altar of Vehumet.
     7 | D        | Found a bloodstained altar of Trog.
     7 | D        | Found a shimmering altar of Xom.
    38 | D        | Became a worshipper of Vehumet
    48 | D        | Reached skill level 8 in Evocations
    48 | D        | Reached XP level 2. HP: 15/15 MP: 6/8
   111 | D        | Entered arena 1.
   111 | D        | Noticed an iguana
   116 | D        | Killed an iguana
   116 | D        | Reached XP level 3. HP: 19/19 MP: 12/12
   202 | D        | Entered arena 2.
   202 | D        | Noticed an orc wizard
   202 | D        | Noticed an orc wizard
   203 | D        | Killed an orc wizard
   203 | D        | Acquired Vehumet's first power
   203 | D        | Offered knowledge of Sting by Vehumet.
   203 | D        | Reached skill level 5 in Spellcasting
   205 | D        | Killed an orc wizard
   205 | D        | Reached skill level 5 in Dodging
   205 | D        | Reached XP level 4. HP: 24/24 MP: 18/18
   232 | D        | Entered arena 3.
   232 | D        | Noticed a phantom
   232 | D        | Noticed a phantom
   236 | D        | Killed a phantom
   236 | D        | Reached XP level 5. HP: 28/28 MP: 22/22
   238 | D        | Killed a phantom
   238 | D        | Reached XP level 6. HP: 32/32 MP: 25/25
   255 | D        | Learned a level 5 spell: Fireball
   274 | D        | Entered arena 4.
   274 | D        | Noticed Sigmund
   274 | D        | Noticed Jessica
   274 | D        | Noticed Blork the orc
   274 | D        | Noticed Crazy Yiuf
   275 | D        | Killed Jessica
   275 | D        | Acquired Vehumet's second power
   275 | D        | Reached skill level 9 in Spellcasting
   275 | D        | Killed Crazy Yiuf
   276 | D        | Killed Sigmund
   276 | D        | Killed Blork the orc
   276 | D        | Reached skill level 10 in Spellcasting
   388 | D        | Learned a level 6 spell: Iron Shot
   394 | D        | Entered arena 5.
   394 | D        | Noticed an orc priest
   394 | D        | Noticed an orc wizard
   394 | D        | Noticed an orc priest
   394 | D        | Noticed an orc wizard
   395 | D        | Killed an orc priest
   395 | D        | Offered knowledge of Shock by Vehumet.
   395 | D        | Acquired Vehumet's third power
   395 | D        | Killed an orc wizard
   395 | D        | Reached skill level 1 in Earth Magic
   395 | D        | Reached XP level 7. HP: 36/36 MP: 28/28
   395 | D        | Killed an orc wizard
   396 | D        | Killed an orc priest
   479 | D        | Entered arena 6.
   479 | D        | Noticed a deep elf conjurer
   479 | D        | Noticed a deep elf mage
   479 | D        | Noticed a deep elf fighter
   479 | D        | Noticed a deep elf summoner
   479 | D        | Noticed a deep elf knight
   482 | D        | Killed a deep elf mage
   482 | D        | Reached skill level 10 in Dodging
   482 | D        | Killed a deep elf conjurer
   482 | D        | Reached skill level 11 in Spellcasting
   482 | D        | Reached skill level 5 in Fire Magic
   482 | D        | Reached XP level 8. HP: 34/41 MP: 26/30
   483 | D        | Killed a deep elf summoner
   483 | D        | Reached skill level 12 in Spellcasting
   483 | D        | Reached skill level 10 in Conjurations
   483 | D        | Killed a deep elf knight
   483 | D        | Reached XP level 9. HP: 26/45 MP: 24/32
   484 | D        | Killed a deep elf fighter
   530 | D        | Got the ring "Vuruk" {rF+ MP+9}
   699 | D        | Entered arena 7.
   699 | D        | Noticed a jumping spider
   699 | D        | Noticed a jumping spider
   699 | D        | Noticed a tarantella
   699 | D        | Noticed a tarantella
   700 | D        | Killed a tarantella
   700 | D        | Offered knowledge of Throw Frost by Vehumet.
   700 | D        | Reached skill level 13 in Spellcasting
   701 | D        | Killed a jumping spider
   702 | D        | Killed a tarantella
   704 | D        | Killed a jumping spider
   704 | D        | Reached skill level 14 in Spellcasting
   886 | D        | Entered arena 8.
   886 | D        | Noticed a quasit
   886 | D        | Noticed a wretched star
   886 | D        | Noticed a ynoxinul
   886 | D        | Noticed an iron imp
   890 | D        | Offered knowledge of Stone Arrow by Vehumet.
   890 | D        | Killed a quasit
   891 | D        | Killed a wretched star
   893 | D        | Killed a ynoxinul
   895 | D        | Killed an iron imp
   906 | D        | Identified the Papyrus of Warped Air (You found it in the Dungeon)
  1091 | D        | Learned a level 2 spell: Repel Missiles
  1128 | D        | Entered arena 9.
  1128 | D        | Noticed a wolf
  1128 | D        | Noticed a wolf
  1128 | D        | Noticed a wolf
  1128 | D        | Noticed a wolf
  1128 | D        | Noticed a black bear
  1128 | D        | Noticed a black bear
  1128 | D        | Noticed a black bear
  1129 | D        | Killed a black bear
  1129 | D        | Offered knowledge of Iskenderun's Battlesphere by Vehumet.
  1129 | D        | Reached skill level 1 in Air Magic
  1129 | D        | Reached XP level 10. HP: 50/50 MP: 34/34
  1130 | D        | Noticed a wolf
  1130 | D        | Killed a wolf
  1132 | D        | Killed a wolf
  1132 | D        | Reached skill level 15 in Spellcasting
  1132 | D        | Killed a wolf
  1132 | D        | Killed a wolf
  1133 | D        | Killed a wolf
  1137 | D        | Killed a black bear
  1139 | D        | Killed a black bear
  1310 | D        | Entered arena 10.
  1310 | D        | Noticed a jelly
  1310 | D        | Noticed a shining eye
  1310 | D        | Noticed a shining eye
  1310 | D        | Noticed a jelly
  1310 | D        | Noticed a jelly
  1310 | D        | Noticed a jelly
  1310 | D        | Noticed a jelly
  1310 | D        | Noticed a jelly
  1311 | D        | Killed a jelly
  1311 | D        | Offered knowledge of Delayed Fireball by Vehumet.
  1311 | D        | Killed a jelly
  1311 | D        | Killed a jelly
  1312 | D        | Killed a shining eye
  1312 | D        | Reached skill level 5 in Air Magic
  1312 | D        | Killed a jelly
  1312 | D        | Killed a jelly
  1312 | D        | Killed a jelly
  1312 | D        | Reached skill level 16 in Spellcasting
  1313 | D        | Killed a shining eye
  1411 | D        | Entered arena 11.
  1411 | D        | Noticed a deep elf summoner
  1411 | D        | Noticed a deep elf blademaster
  1411 | D        | Noticed a deep elf knight
  1411 | D        | Noticed a deep elf annihilator
  1411 | D        | Noticed a deep elf priest
  1411 | D        | Noticed a deep elf master archer
  1411 | D        | Noticed a deep elf master archer
  1411 | D        | Noticed a deep elf annihilator
  1414 | D        | Noticed a deep elf priest
  1414 | D        | Noticed a deep elf summoner
  1416 | D        | Killed a deep elf annihilator
  1416 | D        | Reached skill level 17 in Spellcasting
  1418 | D        | Killed a deep elf master archer
  1418 | D        | Reached skill level 18 in Spellcasting
  1418 | D        | Reached XP level 11. HP: 28/54 MP: 19/37
  1418 | D        | Killed a deep elf master archer
  1418 | D        | Reached skill level 19 in Spellcasting
  1419 | D        | Killed a deep elf annihilator
  1422 | D        | Killed a deep elf priest
  1423 | D        | Killed a deep elf blademaster
  1423 | D        | Reached skill level 20 in Spellcasting
  1423 | D        | Killed a deep elf priest
  1428 | D        | Killed a deep elf summoner
  1428 | D        | Killed a deep elf knight
  1428 | D        | Reached skill level 21 in Spellcasting
  1431 | D        | Killed a deep elf summoner
  1696 | D        | Entered arena 12.
  1696 | D        | Noticed a ynoxinul
  1696 | D        | Noticed Saesuw the pandemonium lord
  1696 | D        | Noticed a sixfirhy
  1696 | D        | Noticed a sixfirhy
  1696 | D        | Noticed an ice devil
  1696 | D        | Noticed Dug Apruil the pandemonium lord
  1696 | D        | Noticed a green death
  1696 | D        | Noticed an orange demon
  1697 | D        | Noticed a rust devil
  1697 | D        | Noticed Wikaos the pandemonium lord
  1697 | D        | Killed an ice devil
  1698 | D        | Noticed a neqoxec
  1701 | D        | Killed a green death
  1701 | D        | Reached XP level 12. HP: 29/59 MP: 40/40
  1703 | D        | Noticed an eldritch tentacle
  1707 | D        | HP: 2/59 [Wikaos the pandemonium lord (12)]
  1714 | D        | Annihilated by an eldritch tentacle

Action                   |  1- 3 |  4- 6 |  7- 9 | 10-12 || total
-------------------------+-------+-------+-------+-------++-------
Melee: Quarterstaff      |     2 |       |       |       ||     2
 Cast: Fireball          |       |     2 |     9 |    17 ||    28
       Iron Shot         |       |       |     9 |     8 ||    17
       Repel Missiles    |       |       |     1 |       ||     1
Evoke: Wand              |     4 |     7 |       |       ||    11
  Use: Potion            |     2 |       |     3 |    13 ||    18
       Scroll            |       |     1 |       |     4 ||     5
  Eat: Fruit             |     2 |       |     3 |       ||     5
       Chunk             |     1 |       |     2 |     1 ||     4
       Meat ration       |       |       |       |     1 ||     1
